 Dungeon Crawl Stone Soup version 0.17.1-1-g73c8601 (console) character file.

2739 Kloppie the Fighter (level 9, -3/127 HPs)
             Began as a Centaur Berserker on Dec 20, 2015.
             Was a Priest of Trog.
             Slain by a hippogriff (5 damage)
             ... on level 7 of the Dungeon.
             The game lasted 00:09:59 (6542 turns).

Kloppie the Fighter (Centaur Berserker)             Turns: 6542, Time: 00:10:00

Health: -3/127     AC: 11    Str: 24    XL:     9   Next: 40%
Magic:  9/9        EV:  6    Int:  6    God:    Trog [***...]
Gold:   263        SH:  0    Dex: 13    Spells: 0 memorised, 8 levels left

rFire  . . .     SeeInvis .     a - +0 war axe
rCold  . . .     Clarity  .     f - +0 storm dragon armour
rNeg   . . .     SustAt   .     (no shield)
rPois  .         Gourm    .     (no helmet)
rElec  +         Spirit   .     H - +1 cloak
rCorr  .         Warding  .     C - +0 pair of gloves
rMut   .         Stasis   .     (no barding)
MR     .....                    (no amulet)
Stlth  ..........               y - ring of stealth
                                g - ring of flight

@: berserking (expiring), lethally poisoned (-3 -> -22), very quick, not
resistant to hostile enchantments, extremely unstealthy
A: hooves 3, deformed body, speed 2, tough skin 3
a: Berserk, Trog's Hand, Burn Spellbooks, Renounce Religion, Evoke Flight


You were on level 7 of the Dungeon.
You worshipped Trog.
Trog was most pleased with you.
You were very hungry.

You visited 1 branch of the dungeon, and saw 7 of its levels.

You collected 263 gold pieces.

Inventory:

Hand Weapons
 a - a +0 war axe (weapon)
 w - a +0 hand axe
Armour
 f - a +0 storm dragon armour (worn)
 h - a +0 ring mail
 C - a +0 pair of gloves (worn)
 H - a +1 cloak (worn)
Jewellery
 b - an uncursed amulet of stasis
 g - a ring of flight (left hand)
 m - an uncursed amulet of guardian spirit {unknown}
 v - an uncursed ring of protection from fire {unknown}
 y - a ring of stealth (right hand)
 G - an uncursed ring of magical power {unknown}
Wands
 q - a wand of digging (16)
 A - a wand of magic darts (19)
 B - a wand of magic darts (20)
Scrolls
 d - 2 scrolls of amnesia {unknown}
 k - 3 scrolls of remove curse {unknown}
 l - 3 scrolls of fear
 r - a scroll of enchant weapon {unknown}
 t - 3 scrolls of teleportation {unknown}
 x - a scroll of blinking {unknown}
 D - a scroll of enchant armour {unknown}
Potions
 e - 4 potions of heal wounds
 j - 2 potions of curing
 n - 2 potions of agility
 o - a potion of brilliance
 p - 2 potions of magic
 s - 2 potions of invisibility {unknown}
 u - 2 potions of flight {unknown}
 z - 3 potions of cancellation
 E - a potion of ambrosia {unknown}
Books
 F - a book of Death

   Spells                             Type                      Level
   a - Corpse Rot                     Necromancy                   2
   b - Sublimation of Blood           Necromancy                   2
   c - Agony                          Necromancy                   5
   d - Dispel Undead                  Necromancy                   5
   e - Excruciating Wounds            Charms/Necromancy            5
   f - Bolt of Draining               Conjuration/Necromancy       5
   Trog disapproves of the use of such an item.
Comestibles
 c - 2 bread rations
 i - 5 meat rations


   Skills:
 + Level 9.7 Fighting
 + Level 8.8 Axes
 - Level 1.3 Armour
 - Level 1.3 Dodging


You had 8 spell levels left.
You didn't know any spells.

Dungeon Overview and Level Annotations

Branches:
Dungeon (7/15)             Temple (0/1) D:5

Altars:
Kikubaaqudgha
Nemelex Xobeh
Trog
Xom


Innate Abilities, Weirdness & Mutations

You have hooves in place of feet.
Armour fits poorly on your strangely shaped body.
You cover ground very quickly.
You have extremely tough skin (AC +3).


Message History

You closely miss the killer bee. Your kick misses the killer bee.
The killer bee is severely wounded.
* * * LOW HITPOINT WARNING * * *
You feel sick. The killer bee barely misses you.
You miss the killer bee. You kick the killer bee.
You kill the killer bee!
Trog accepts your kill.
* * * LOW HITPOINT WARNING * * *
You feel sick.
* * * LOW HITPOINT WARNING * * *
You feel sick.
Things that are here:
a killer bee corpse x3
You slash the hippogriff! Your kick misses the hippogriff.
The hippogriff is moderately wounded.
* * * LOW HITPOINT WARNING * * *
You feel sick.
The hippogriff bites you but does no damage.
The hippogriff pecks you.
You die...

####### ###.####...#
....... ....$.y..#
....... ##.......#
....... #.....y..#
.[.....###.#####...#
.......#...# .
......hhy###
##.###H## #.# #@#
#.# #.# .. #.###.#
#### #) #.##..# #..
#. ##.#..## #.# #.
#....#######.# #.
#..>##
#.....#########.
#..##
#.###.(.((.)....
#..#####.#
#...........


You could see a hippogriff, a killer bee and 2 jackals.

Vanquished Creatures
  The ghost of Nyvrem the Ruffian, a novice TrMo of the Shining One (D:5)
  Joseph (D:7)
  The ghost of Nyvrem the Chopper, an amateur DsFi of Xom (D:6)
  A hungry ghost (D:7)
  2 hippogriffs (D:7)
  A sky beast (D:7)
  An ogre (D:5)
  A phantom (D:5)
  A necrophage (D:6)
  An orc warrior (D:6)
  A centaur (D:7)
  7 killer bees (D:7)
  A water moccasin zombie (D:7)
  A scorpion (D:4)
  A crimson imp (D:5)
  A jelly (D:6)
  2 centaur skeletons
  2 iguanas (D:5)
  5 worker ants
  An orc priest (D:4)
  A hound (D:7)
  7 adders
  3 shadow imps
  3 oozes
  2 adder skeletons
  3 worms
  A giant gecko (D:2)
  6 orcs
  5 bats (D:1)
  7 giant cockroaches
  11 hobgoblins
  11 jackals
  A quokka (D:5)
  3 ball pythons
  6 giant newts
  11 goblins
  A jackal skeleton (D:4)
  9 kobolds
  A quokka skeleton (D:5)
  7 rats
132 creatures vanquished.

Notes
Turn   | Place    | Note
--------------------------------------------------------------
     0 | D:1      | Kloppie the Centaur Berserker began the quest for the Orb.
     0 | D:1      | Reached XP level 1. HP: 19/19 MP: 1/1
   203 | D:1      | Reached XP level 2. HP: 20/26 MP: 2/2
   782 | D:1      | Reached ** piety under Trog
   782 | D:1      | Reached XP level 3. HP: 29/31 MP: 3/3
  1355 | D:2      | Reached skill level 4 in Fighting
  1470 | D:2      | Reached XP level 4. HP: 40/40 MP: 4/4
  2278 | D:3      | Reached *** piety under Trog
  2304 | D:3      | Reached XP level 5. HP: 29/47 MP: 5/5
  3250 | D:4      | Reached skill level 5 in Fighting
  3294 | D:4      | Reached XP level 6. HP: 37/56 MP: 6/6
  3468 | D:5      | Entered Level 5 of the Dungeon
  3468 | D:5      | Found a staircase to the Ecumenical Temple.
  3547 | D:5      | Noticed Nyvrem's ghost (novice TrMo)
  3564 | D:5      | Killed Nyvrem's ghost
  3564 | D:5      | Reached skill level 6 in Fighting
  3564 | D:5      | Reached skill level 5 in Axes
  3564 | D:5      | Reached XP level 7. HP: 8/63 MP: 7/7
  3945 | D:5      | Found a shimmering altar of Xom.
  4045 | D:5      | Found an ancient bone altar of Kikubaaqudgha.
  4481 | D:5      | Reached skill level 7 in Fighting
  4489 | D:5      | Reached XP level 8. HP: 73/73 MP: 8/8
  4607 | D:5      | Found a sparkling altar of Nemelex Xobeh.
  4613 | D:5      | Found a bloodstained altar of Trog.
  5312 | D:6      | Noticed Nyvrem's ghost (amateur DsFi)
  5323 | D:6      | Killed Nyvrem's ghost
  5789 | D:6      | Reached skill level 8 in Fighting
  5917 | D:7      | Noticed Joseph
  5941 | D:7      | Killed Joseph
  6194 | D:7      | Reached XP level 9. HP: 77/82 MP: 9/9
  6215 | D:7      | Reached skill level 9 in Fighting
  6539 | D:7      | HP: 6/127 [poisoned by a killer bee]
  6542 | D:7      | HP: 2/127 [poisoned by a killer bee]
  6542 | D:7      | Slain by a hippogriff

Action                   |  1- 3 |  4- 6 |  7- 9 || total
-------------------------+-------+-------+-------++-------
Melee: Hand axe          |   140 |    73 |       ||   213
       War axe           |       |    87 |   231 ||   318
Invok: Berserk           |     1 |     1 |     4 ||     6
       Trog's Hand       |       |     1 |     3 ||     4
  Use: Scroll            |       |     3 |     4 ||     7
  Eat: Chunk             |     2 |     5 |     8 ||    15
       Beef jerky        |       |       |     2 ||     2
       Pizza             |       |       |     1 ||     1
       Bread ration      |       |       |     3 ||     3
